AoeStats
← Reis

Arena

505749278Analyzed
4v4 RM · 23d ago on Sep 10, 2026· 51m 10s· 8 players
Game mode
Random Map
Map size
Large (8 player)
Population
200
Speed
Normal
Resources
Standard
Victory
Conquest
Starting age
Dark Age
Ending age
Imperial Age
RankedLock teamsTeams togetherTeam positionsShared explorationLock speedFull tech treeHidden civsTurbo modeCheats
Victory
Defeat
🇵🇱 Lithuanians · Poland
1470
+15
🇨🇭 Bulgarians · Switzerland
1442
+17
🇩🇪 Britons · Germany
1408
+18
🇨🇿 Koreans · Czechia
1385
+19
🇲🇽 Spanish · Mexico
1556
-22
🇹🇼 Khmer · Taiwan
1446
-17
🇦🇷 Bohemians · Argentina
1428
-16
🇰🇷 Berbers · South Korea
1385
-14
Reis
4:40 Loom
10:07 Feudal Age
14:15 Castle Age
12:48 Loom
17:49 Fletching
19:16 Bodkin Arrow
23:27 Double-Bit Axe
28:39 Bow Saw
34:30 Wheelbarrow
33:38 Horse Collar
35:39 Hand Cart
39:42 Imperial Age
37:38 Forging
37:29 Scale Mail Armor
37:31 Gold Mining
38:15 Squires
38:00 Gambesons
38:01 Arson
37:37 Pikeman
39:12 Iron Casting
38:53 Chain Mail Armor
41:29 Blast Furnace
40:59 Plate Mail Armor
39:53 Halberdier
48:56 Capped Ram
50:25 Bracer
Franczesco
9:53 Feudal Age
13:44 Castle Age
12:02 Double-Bit Axe
12:28 Horse Collar
15:24 Bow Saw
20:28 Wheelbarrow
19:59 Town Watch
20:51 Gold Mining
21:58 Fletching
22:37 Loom
24:28 Elite Skirmisher
29:12 Bodkin Arrow
35:17 Hand Cart
36:25 Stone Mining
37:11 Gold Shaft Mining
39:47 Imperial Age
38:35 Stone Shaft Mining
38:37 Ballistics
37:59 Treadmill Crane
38:44 Ballistics
38:55 Heavy Plow
40:38 Bracer
41:39 Chemistry
41:01 Conscription
41:15 Clinker Construction
41:13 Siege Engineers
41:10 Husbandry
41:17 Thumb Ring
41:33 Guilds
40:53 Elite War Wagon
42:20 Forging
43:31 Masonry
44:54 Coinage
45:15 Scale Mail Armor
44:37 Elite Fire Lancer
45:17 Squires
46:16 Chain Mail Armor
47:13 Plate Mail Armor
47:19 Iron Casting
46:46 Arson
48:32 Two-Man Saw
47:53 Pikeman
49:24 Architecture
48:40 Arrowslits
48:54 Halberdier
50:47 Eupseong
50:45 Murder Holes
51:24 Gambesons
rikardo_latino
10:45 Feudal Age
9:39 Loom
14:50 Castle Age
12:58 Double-Bit Axe
14:33 Stone Mining
14:29 Horse Collar
15:51 Wheelbarrow
17:02 Bow Saw
23:56 Fletching
25:02 Ballistics
26:34 Padded Archer Armor
27:56 Bodkin Arrow
28:17 Leather Archer Armor
28:48 Hand Cart
28:18 Town Watch
33:15 Imperial Age
30:47 Town Patrol
31:23 Forging
31:14 Scale Mail Armor
32:47 Pikeman
33:12 Gambesons
33:27 Squires
33:14 Arson
33:41 Heavy Plow
33:24 Capped Ram
34:12 Bracer
34:43 Ring Archer Armor
34:42 Conscription
35:32 Two-Man Saw
34:32 Halberdier
36:57 Hoardings
37:46 Chemistry
37:50 Chain Mail Armor
38:22 Elite Longbowman
39:23 Yeomen
40:45 Plate Mail Armor
40:51 Iron Casting
41:26 Treadmill Crane
43:04 Blast Furnace
41:39 Crossbowman
42:23 Arbalester
44:23 Masonry
u
10:42 Feudal Age
11:31 Horse Collar
14:27 Castle Age
12:28 Double-Bit Axe
15:11 Husbandry
21:27 Bow Saw
22:01 Heavy Plow
23:01 Wheelbarrow
22:53 Stone Mining
25:04 Hand Cart
24:33 Light Cavalry
25:15 Gold Mining
29:43 Imperial Age
27:00 Loom
27:54 Stone Shaft Mining
28:05 Forging
28:36 Bloodlines
28:33 Scale Barding Armor
29:54 Chain Barding Armor
30:09 Iron Casting
29:41 Fletching
29:52 Elite Leitis
31:11 Plate Barding Armor
32:19 Coinage
32:08 Block Printing
32:15 Sanctity
32:25 Conscription
33:35 Illumination
33:20 Fervor
33:47 Theocracy
34:42 Chemistry
33:39 Bodkin Arrow
33:38 Town Watch
35:36 Ballistics
35:27 Masonry
35:02 Pikeman
35:42 Squires
35:43 Scale Mail Armor
35:43 Bracer
36:21 Banking
36:33 Chain Mail Armor
36:12 Halberdier
40:23 Architecture
40:29 Hoardings
43:03 Murder Holes
42:49 Treadmill Crane
46:21 Tower Shields
EL MAYA
11:07 Feudal Age
10:25 Loom
15:17 Castle Age
13:13 Double-Bit Axe
16:29 Fletching
22:58 Bodkin Arrow
37:03 Wheelbarrow
38:13 Bow Saw
39:39 Hand Cart
40:59 Horse Collar
43:01 Heavy Plow
50:43 Imperial Age
50:25 Ballistics
超可愛小海豹
9:15 Feudal Age
12:53 Castle Age
11:20 Double-Bit Axe
13:54 Wheelbarrow
16:03 Loom
18:17 Horse Collar
21:06 Bow Saw
21:42 Heavy Plow
24:01 Town Watch
25:48 Hand Cart
28:32 Imperial Age
27:24 Forging
27:53 Scale Barding Armor
28:42 Iron Casting
28:00 Gold Mining
28:04 Stone Mining
28:38 Bloodlines
28:28 Husbandry
29:03 Chain Barding Armor
29:28 Gold Shaft Mining
28:36 Elite Battle Elephant
29:48 Crop Rotation
29:58 Stone Shaft Mining
33:03 Blast Furnace
32:38 Plate Barding Armor
33:03 Blast Furnace
32:38 Plate Barding Armor
32:06 Tusk Swords
32:27 Conscription
32:42 Fletching
34:37 Ballistics
34:27 Fortified Wall
34:56 Masonry
34:52 Light Cavalry
35:54 Bodkin Arrow
35:33 Elite Ballista Elephant
36:24 Double Crossbow
37:49 Chemistry
36:35 Hussar
37:25 Devotion
37:41 Murder Holes
41:25 Architecture
43:19 Bracer
46:01 Scale Mail Armor
47:16 Chain Mail Armor
47:54 Pikeman
48:40 Halberdier
kdu0687
10:40 Feudal Age
15:18 Castle Age
15:17 Wheelbarrow
14:29 Double-Bit Axe
17:40 Bow Saw
17:49 Horse Collar
21:32 Heavy Plow
21:42 Loom
24:19 Gold Mining
24:27 Stone Mining
30:14 Forging
30:09 Scale Barding Armor
29:54 Fletching
30:05 Padded Archer Armor
29:59 Fletching
30:10 Padded Archer Armor
30:43 Ballistics
30:03 Treadmill Crane
31:27 Gold Shaft Mining
31:27 Stone Shaft Mining
31:41 Thumb Ring
31:34 Bodkin Arrow
31:54 Leather Archer Armor
32:17 Hand Cart
34:43 Imperial Age
33:09 Husbandry
33:19 Bloodlines
33:17 Light Cavalry
33:55 Town Watch
35:21 Forging
35:17 Scale Barding Armor
35:32 Bracer
36:03 Ring Archer Armor
34:56 Hussar
35:19 Elite Genitour
37:08 Chemistry
36:12 Town Patrol
36:43 Crop Rotation
36:48 Conscription
38:19 Iron Casting
38:05 Chain Barding Armor
38:59 Arrowslits
39:10 Murder Holes
39:26 Fortified Wall
41:02 Blast Furnace
40:30 Elite Camel Archer
49:29 Plate Barding Armor
weaking
10:35 Feudal Age
11:56 Double-Bit Axe
14:25 Castle Age
12:20 Horse Collar
14:14 Town Watch
14:51 Town Watch
15:22 Bow Saw
15:20 Heavy Plow
17:48 Loom
18:18 Fletching
22:12 Sanctity
28:21 Wheelbarrow
28:00 Fervor
33:36 Imperial Age
31:37 Bodkin Arrow
33:01 Hand Cart
34:20 Scale Mail Armor
34:40 Forging
34:53 Conscription
34:12 Pikeman
34:55 Squires
35:19 Devotion
36:14 Halberdier
39:13 Chain Mail Armor
41:01 Plate Mail Armor
42:34 Iron Casting
41:50 Man-at-Arms
44:28 Blast Furnace
43:16 Long Swordsman
45:58 Coinage
46:46 Chemistry
45:54 Crossbowman
46:25 Two-Handed Swordsman
47:12 Bracer
47:13 Padded Archer Armor
47:17 Arbalester
49:58 Leather Archer Armor
Connection lost

Rejoining the realm…

Still unreachable

The connection could not be restored.

Session expired

The server has moved on; the page needs a fresh start.